 Dungeon Crawl Stone Soup version 0.26.1-11-gd32895ea62 (webtiles) character file.

Game seed: 15728670580036442259

20 promet the Chiller (level 2, -2/22 HPs)
             Began as a Demigod Ice Elementalist on June 8, 2021.
             Slain by Sigmund
             ... wielding a +0 scythe
              (5 damage)
             ... on level 2 of the Dungeon.
             The game lasted 00:03:11 (637 turns).

promet the Chiller (Demigod Ice Elementalist)        Turns: 637, Time: 00:03:13

Health: -2/22      AC:  2    Str: 11    XL:     2   Next: 42%
Magic:  6/7        EV: 12    Int: 19    God:
Gold:   31         SH:  0    Dex: 16    Spells: 4/5 levels left

rFire    . . .     SeeInvis .   a - +0 short sword
rCold    . . .     Faith    .   (no shield)
rNeg     . . .     Spirit   .   e - +0 robe
rPois    .         Reflect  .   (no helmet)
rElec    .         Harm     .   (no cloak)
rCorr    .         Rampage  .   (no gloves)
Will     .....                  (no boots)
Stlth    ++........             (no amulet)
HPRegen  0.07/turn              (no ring)
MPRegen  0.10/turn              (no ring)

@: no status effects
A: high mp 1
a: no special abilities


You were on level 2 of the Dungeon.
You visited 1 branch of the dungeon, and saw 2 of its levels.

You collected 31 gold pieces.

Inventory:

Hand Weapons
 a - a +0 short sword (weapon)
 f - a +0 spear
Missiles
 b - 142 stones
Armour
 e - a +0 robe (worn)
Scrolls
 c - 2 scrolls of amnesia {unknown}
 d - a scroll of teleportation


   Skills:
 * Level 0.8 Fighting
 + Level 1.8 Dodging
 + Level 1.8 Stealth
 + Level 2.0 Spellcasting
 + Level 4.0 Ice Magic


You had 4 spell levels left.
You knew the following spells:

 Your Spells              Type           Power        Failure   Level
a - Freeze                Ice            68%          3%          1

Your spell library contained the following spells:

 Spells                   Type           Power        Failure   Level
 Frozen Ramparts          Ice            34%          10%         3
 Ozocubu's Armour         Ice            17%          10%         3
 Hailstorm                Conj/Ice       9%           58%         4
 Summon Ice Beast         Ice/Summ       9%           58%         4


Dungeon Overview and Level Annotations

Branches:
Dungeon (1/15)

Annotations:
D:2 Sigmund


Innate Abilities, Weirdness & Mutations

You have an increased reservoir of magic. (+10% MP)


Message History

HP restored.
You now have 31 gold pieces (gained 10).
You see here a robe.
Found a stone staircase leading down.
Sigmund the Dreaded comes into view.
He is wielding a +0 scythe.
Sigmund shouts!
A bat comes into view.
Sigmund hits you from afar with a +0 scythe!
Ouch! That really hurt!
You closely miss Sigmund. The bat hits you. Sigmund hits you with a +0 scythe.
* * * LOW HITPOINT WARNING * * *
Casting: Freeze (safe; 3% risk of failure)
Confirm with . or Enter, or press ? or * to list all spells.
Aiming: Freeze (safe; 3% risk of failure)
Press: ? - help, Shift-Dir - straight line, f - Sigmund
Aim: Sigmund, wielding a +0 scythe and wearing a +0 robe You freeze Sigmund.
Sigmund is lightly wounded.
The bat closely misses you. Sigmund hits you with a +0 scythe.
You die...

#...........##
#............#
#..........#.#
#......[...#.#
#..........#..
#..........# ##
#####...#### .# #
#...# ###@#.####
#...# #.@.......
#...####.........
#........b.......
###.###..........
#.# #.####>....
#.# #.# .#### ..#
..# # ###.###


You could see Sigmund and a bat.

Vanquished Creatures
  An adder (D:2)
  An ooze (D:1)
  A bat (D:1)
  2 hobgoblins (D:1)
  A frilled lizard (D:2)
  A kobold (D:1)
  A rat (D:1)
8 creatures vanquished.

Notes
Turn   | Place    | Note
-------+----------+-------------------------------------------
     0 | D:1      | promet the Demigod Ice Elementalist began the quest for the
                  | Orb.
     0 | D:1      | Reached XP level 1. HP: 14/14 MP: 5/5
   243 | D:1      | Reached XP level 2. HP: 9/22 MP: 1/7
   448 | D:1      | You fall into a shaft and drop 1 floor!
   500 | D:2      | Found an ornate altar of the Wu Jian Council.
   553 | D:2      | Reached skill level 4 in Ice Magic
   632 | D:2      | Noticed Sigmund
   637 | D:2      | Slain by Sigmund

Illustrated notes

Levels and vault maps discovered:
D:1:      minmay_arrival_shattered_statue, layout_basic
D:2:      layout_basic, fedhas_altar_1, nzn_hepliaklqana_mist_gate,
          nzn_wu_jian_contemplation, grunt_decor_mini_mirrors, uniq_natasha,
          uniq_sigmund

Skill      XL: |  1  2 |
---------------+-------+-----
Spellcasting   | 2 |  2.0
Ice Magic      | 4 |  4.0
Fighting       | |  0.8
Dodging        | |  1.8
Stealth        | |  1.8

Action                   || total
-------------------------++-------
Melee: Short sword       ||    12
 Cast: Freeze            ||    10
  Use: Scroll            ||     3
Armor: Robe              ||     8
Dodge: Dodged            ||    18
